 Dungeon Crawl Stone Soup version 0.29-a0-1016-g236c7fd91e (webtiles) character file.

Game seed: 17614537447557743788

32519 ragingrage the Severer (level 13, -6/62 HPs)
             Began as a Vine Stalker Chaos Knight on Aug 9, 2022.
             Was a Plaything of Xom.
             Mangled by a cane toad (11 damage)
             ... on level 5 of the Lair of Beasts.
             The game lasted 00:26:14 (13172 turns).

ragingrage the Severer (Vine Stalker Chaos Knight) Turns: 13172, Time: 00:26:15

Health: -6/62      AC: 12    Str: 25      XL:     13   Next: 65%
Magic:  0/14       EV: 11    Int: 18 (20) God:    Xom [......]
Gold:   859        SH:  0    Dex:  9 (10) Spells: 12/12 levels left

rFire   + . .      SeeInvis .   a - +4 whip of Dareun {drain, rElec rF+ Int+4 Dex-3}
rCold   . . .      Faith    .   (no shield)
rNeg    . . .      Spirit   +   I - +0 swamp dragon scales
rPois   +          Reflect  .   F - +0 helmet
rElec   +          Harm     .   M - +1 cloak {rCorr}
rCorr   +          Rampage  .   (no gloves)
Will    ++...      Clarity  +   (no boots)
Stlth   ..........              A - amulet of magic regeneration
HPRegen 1.00/turn               l - +6 ring of strength
MPRegen 0.54/turn               E - ring of willpower

@: no status effects
A: fangs 3, regeneration 1, magic shield, antimagic bite, no potion heal 2,
claws 1, clarity, clever 1, deterioration 1, frail 1
a: Renounce Religion


You were on level 5 of the Lair of Beasts.
You worshipped Xom.
You were a very special plaything of Xom.
You visited 2 branches of the dungeon, and saw 16 of its levels.
You also visited: Ossuary.

You collected 1357 gold pieces.
You spent 498 gold pieces at shops.

Inventory:

Hand Weapons
 a - the +4 whip of Dareun (weapon) {drain, rElec rF+ Int+4 Dex-3}
   (You found it on level 4 of the Dungeon)

   A truly terrible weapon, it drains the life of any living foe it strikes.
   Int:       It affects your intelligence (+4).
   Dex:       It affects your dexterity (-3).
   rF:        It protects you from fire.
   rElec:     It insulates you from electricity.
 b - a +4 war axe
 c - a +1 battleaxe of flaming
 d - a +1 sling of flaming
 H - a +1 broad axe
Missiles
 m - 7 atropa-tipped darts
 y - 12 poisoned darts (quivered)
 N - a curare-tipped dart
 T - 6 javelins
Armour
 F - a +0 helmet (worn)
 I - +0 swamp dragon scales (worn)
 M - a +1 cloak of preservation (worn)
 Q - a +2 plate armour of cold resistance
 U - the +5 ring mail of Beogh, Smoking {Fly rCorr Dex+2 Stlth+}
   (You found it on level 5 of the Lair of Beasts)

   Dex:       It affects your dexterity (+2).
   Fly:       It grants you flight.
   rCorr:     It protects you from acid and corrosion.
   Stlth:     It makes you more stealthy.
Jewellery
 l - a +6 ring of strength (left claw)
 z - a ring of fire
 A - an amulet of magic regeneration (around neck)
 E - a ring of willpower (right claw)
Wands
 v - a wand of light (18)
 D - a wand of mindburst (21)
 R - a wand of flame (11)
Scrolls
 i - a scroll of fear
 j - 2 scrolls of blinking
 k - 2 scrolls of teleportation
 o - a scroll of magic mapping
 p - 2 scrolls of noise
 q - a scroll of amnesia
 r - 4 scrolls of identify
 u - 2 scrolls of poison
 w - 2 scrolls of enchant weapon
 L - 2 scrolls of immolation
Potions
 e - a potion of might
 g - 3 potions of heal wounds
 h - 3 potions of haste
 n - 2 potions of berserk rage
 s - a potion of ambrosia {unknown}
 t - 3 potions of invisibility {unknown}
 x - 3 potions of mutation
 B - 2 potions of attraction
 C - 4 potions of curing
 G - a potion of degeneration {unknown}
 J - 3 potions of lignification
 K - 2 potions of magic {unknown}
 O - 2 potions of flight
 S - a potion of brilliance {unknown}
Miscellaneous
 f - a piece from Xom's chessboard (15/15)
 P - a condenser vane (inert)


   Skills:
 + Level 8.4 Fighting
 + Level 15.5 Axes
 - Level 6.0 Throwing
 - Level 6.0 Armour
 - Level 3.0 Dodging
 + Level 7.8 Evocations


You had 12 spell levels left.
You didn't know any spells.
Your spell library contained the following spells:

 Spells                   Type           Power      Damage    Failure   Level
 Beastly Appendage        Tmut           0%         N/A       32%         1
 Summon Small Mammal      Summ           0%         N/A       32%         1
 Blink                    Tloc           0%         N/A       43%         2
 Ensorcelled Hibernation  Hex/Ice        0%         N/A       43%         2
 Passwall                 Tmut/Erth      0%         N/A       43%         2
 Scorch                   Fire           0%         2d5       43%         2
 Wereblood                Tmut           0%         N/A       43%         2
 Call Canine Familiar     Summ           0%         N/A       67%         3
 Conjure Flame            Conj/Fire      0%         6-21      67%         3
 Frozen Ramparts          Ice            0%         1d1       67%         3
 Ignite Poison            Fire/Tmut/Pois 0%         N/A       67%         3
 Inner Flame              Hex/Fire       0%         N/A       67%         3
 Lesser Beckoning         Tloc           0%         N/A       67%         3
 Portal Projectile        Hex/Tloc       0%         N/A       67%         3
 Spider Form              Tmut/Pois      0%         N/A       67%         3
 Summon Guardian Golem    Hex/Summ       0%         N/A       67%         3
 Swiftness                Air            0%         N/A       67%         3
 Tukima's Dance           Hex            0%         N/A       67%         3
 Animate Armour           Summ/Erth      0%         N/A       97%         4
 Cause Fear               Hex            0%         N/A       97%         4
 Flame Wave               Conj/Fire      0%         2d4       97%         4
 Ice Form                 Ice/Tmut       0%         N/A       97%         4
 Sticky Flame             Conj/Fire      0%         2d3       97%         4
 Summon Ice Beast         Ice/Summ       0%         N/A       97%         4
 Blade Hands              Tmut           0%         N/A       100%        5
 Manifold Assault         Tloc           0%         N/A       100%        5
 Iron Shot                Conj/Erth      0%         9d1       100%        6
 Summon Cactus Giant      Summ           0%         N/A       100%        6
 Discord                  Hex            0%         N/A       100%        8


Dungeon Overview and Level Annotations

Branches:
Dungeon (11/15)            Temple (0/1) D:4            Lair (5/5) D:9
 Spider (0/4) Lair:2        Slime (0/5) Lair:5          Orc (0/2) D:10
Ossuary (visited)
  Swamp: Lair:2-3    Shoals: Lair:2-3

Altars:
Dithmenos
Fedhas
Hepliaklqana
Trog
Vehumet
Xom
Jiyva

Shops:
D:9 *

Annotations:
D:6 4 transporters, drugrobin's ghost, novice DgFi
D:8 3 runed translucent doors, iguanaiguana's ghost, novice GrEE
Lair:2 Harold


Innate Abilities, Weirdness & Mutations

You have razor-sharp teeth.
Your natural rate of healing is unusually fast.
When hurt, damage is shared between your health and your magic reserves.
Your bite disrupts and absorbs the magic of your enemies.
Potions cannot restore your health.
You have sharp fingernails.
You possess an exceptional clarity of mind.
Your mind is acute. (Int +4, Str/Dex -1)
Your body sometimes deteriorates upon taking damage.
You are frail. (-10% HP)


Message History

You feel yourself slow down.
Your surroundings suddenly seem different.
A cane toad comes into view.
Found a viscous altar of Jiyva.
Found a staircase to the Slime Pits.
Xom is mildly amused.
The cane toad gives a loud, deep croak!
The walls burn the cane toad!
There is a viscous altar of Jiyva here.
The cane toad attacks as you move away! The cane toad stings you!!
The wall burns the cane toad!
The cane toad stings you!
You are poisoned.
The cane toad poisons you!
Your system rejects the healing.
You feel better.
You feel yourself speed up.
The cane toad stings you but does no damage.
The cane toad stings you!
* * * LOW HITPOINT WARNING * * *
You barely miss the cane toad.
The cane toad is moderately wounded.
The cane toad stings you!
* * * LOW HITPOINT WARNING * * *
Xom thinks this is hilarious!
Your body deteriorates!
You feel clumsy.
Aiming: Bolt of Light
Press: ? - help, Shift-Dir - straight line, f - cane toad
Aim: a cane toad (moderately wounded, 77% to hit)
The bolt of light hits the cane toad!!
The cane toad is almost dead.
The cane toad is blinded.
The cane toad stings you but does no damage.
You hit the cane toad but do no damage. You drain the cane toad.
The cane toad is almost dead.
The cane toad barely misses you.
You catch the helpless cane toad completely off-guard!
You hit the cane toad. Your bite misses the cane toad.
The cane toad is almost dead.
You barely miss the cane toad.
The cane toad is almost dead.
The cane toad stings you!
You die...

#......#......
............).....
P............#
............... ..
............#.
............... ..
........P....
####....D...... ..
..........
.########..........
.. ♣.......#
#.##...#
#..........
♣......## ..##.>.#
#..........
.~~~..#..#..##..F#
#..........
.~~.~♣...<..####@#
#.......♣♣♣
~.~..~.......###+#
.~~~..~.<........
♣♣♣♣♣♣
~.~~~~~..........
♣....♣♣
.~.~.~~...P.#....
♣♣§....♣♣
~.~.~.....##.....
♣.......♣
.~.........#P....
♣...♣.....
~...~~........#..
..♣♣..♣.♣♣.
.~.~~........#...
.♣♣ ♣♣♣♣♣♣♣♣


You could see a cane toad (blind, drained).

Vanquished Creatures
  A storm dragon (Lair:4)
  4 hydras
  3 two-headed ogres
  A death yak (Lair:1)
  Amaemon (Lair:1)
  4 black mambas
  An orange demon (Lair:1)
  An unseen horror (Lair:4)
  3 rime drakes
  6 cane toads
  3 komodo dragons
  3 hornets
  A polar bear (Lair:5)
  Grinder (D:6)
  8 dream sheep
  11 blink frogs
  2 jumping spiders (Lair:2)
  Sigmund (D:3)
  12 spriggans (Lair:5)
  26 yaks
  3 wyverns
  2 basilisks
  2 redbacks (Lair:2)
  2 vampire mosquitoes
  A steam dragon (D:8)
  Menkaure (D:6)
  Edmund (D:6)
  An acid dragon (D:10)
  7 water moccasins
  4 orc warriors
  An ogre (D:6)
  7 black bears
  2 ice beasts
  A sky beast (D:8)
  3 boggarts (Lair:5)
  18 wolves
  A phantom (D:6)
  2 centaurs
  2 kobold brigands
  4 bullfrogs
  3 scorpions
  7 wights
  10 killer bees
  A howler monkey (D:5)
  A wyvern simulacrum (D:9)
  2 jellies
  2 hounds
  6 orc priests
  2 iguanas
  13 orc wizards
  A mummy (Ossuary)
  3 adders
  2 gnolls (D:4)
  4 shadow imps
  A white imp (D:8)
  A worm (D:2)
  2 dart slugs
  32 orcs
  6 ball pythons
  2 bats
  8 endoplasms
  5 giant cockroaches
  A hobgoblin (D:3)
  4 jackals (D:1)
  19 kobolds
  2 quokkas
  2 bat simulacra (Ossuary)
  2 frilled lizards (D:1)
  13 gnoll zombies
  11 goblins
  4 goblin simulacra (Ossuary)
  3 goblin zombies (Ossuary)
  2 hobgoblin zombies (Ossuary)
  A kobold simulacrum (Ossuary)
  4 kobold zombies (Ossuary)
  9 orc zombies (Ossuary)
  7 rats
  4 rat simulacra (Ossuary)
  3 spectral goblins (Ossuary)
  6 spectral kobolds (Ossuary)
  4 spectral rats (Ossuary)
373 creatures vanquished.

Vanquished Creatures (collateral kills)
  2 death yaks (Lair:1)
  A cane toad (Lair:1)
  Maggie (D:7)
  2 blink frogs (Lair:1)
  A steam dragon (D:9)
  A water moccasin (D:9)
  An orc warrior (D:10)
  A scorpion (D:5)
  A wight (D:6)
  A hound (D:5)
  A white imp (D:5)
13 creatures vanquished.

Vanquished Creatures (others)
  3 yaks (D:9)
  A kobold (D:9)
  2 demonic plants (D:2)
  19 fungi
  53 plants
78 creatures vanquished.

Grand Total: 464 creatures vanquished

Notes
Turn   | Place    | Note
-------+----------+-------------------------------------------
     0 | D:1      | ragingrage the Vine Stalker Chaos Knight began the quest
                  | for the Orb.
     0 | D:1      | Reached XP level 1. HP: 11/11 MP: 2/2
   175 | D:1      | XOM: noise
   217 | D:1      | XOM: noise
   218 | D:1      | XOM: butterfly on damage
   221 | D:1      | Reached skill level 3 in Axes
   376 | D:1      | XOM: silly message
   599 | D:1      | Reached XP level 2. HP: 14/16 MP: 3/3
   769 | D:1      | Reached XP level 3. HP: 16/19 MP: 4/4
  1010 | D:1      | XOM: god gift: staff of poison
  1075 | D:1      | XOM: scenery: create altars
  1327 | D:2      | Reached skill level 4 in Axes
  1610 | D:2      | Gained mutation: Your natural rate of healing is unusually
                  | fast. [Vine Stalker growth]
  1610 | D:2      | Reached XP level 4. HP: 23/23 MP: 5/5
  1670 | D:2      | Found a faded altar of an unknown god.
  1670 | D:2      | Noticed a ynoxinul
  1788 | D:2      | XOM: cloud trail
  2130 | D:3      | XOM: butterfly on damage
  2206 | D:2      | Reached skill level 5 in Axes
  2206 | D:2      | Reached XP level 5. HP: 17/27 MP: 3/6
  2278 | D:3      | XOM: cloud trail
  2349 | D:3      | Noticed a black bear
  2360 | D:3      | XOM: fake destruction
  2368 | D:2      | Killed a black bear
  2403 | D:3      | Killed a black bear
  2404 | D:3      | Reached skill level 6 in Axes
  2404 | D:3      | Reached XP level 6. HP: 27/32 MP: 7/7
  2462 | D:3      | Found a faded altar of an unknown god.
  2463 | D:3      | Noticed Sigmund
  2472 | D:3      | Killed Sigmund
  2473 | D:3      | Reached skill level 7 in Axes
  2473 | D:3      | Reached XP level 7. HP: 33/35 MP: 6/8
  2477 | D:3      | XOM: scenery: 2 fountains blood, 1 doors close
  2487 | D:3      | Found a shimmering altar of Xom.
  2803 | D:3      | XOM: polymorph gnoll -> killer bee
  2963 | D:4      | XOM: give mutations
  2963 | D:4      | Gained mutation: You have sharp fingernails. [Xom's grace]
  2963 | D:4      | Gained mutation: Your mind is acute. (Int +4, Str/Dex -1)
                  | [Xom's grace]
  2963 | D:4      | Gained mutation: You are agile. (Dex +4, Str/Int -1) [Xom's
                  | grace]
  3168 | D:4      | Identified the +4 whip of Dareun {drain, rElec rF+ Int+4
                  | Dex-3}
  3216 | D:4      | Found a staircase to the Ecumenical Temple.
  3252 | D:4      | XOM: divination: detect items
  3292 | D:4      | XOM: draining
  3526 | D:5      | Entered Level 5 of the Dungeon
  3544 | D:4      | XOM: polymorph hound -> jelly
  3558 | D:5      | XOM: summons 7 friendly demons
  3567 | D:5      | Reached skill level 8 in Axes
  3966 | D:6      | XOM: summons 4 friendly demons
  3981 | D:6      | Gained mutation: You have razor-sharp teeth. [Vine Stalker
                  | growth]
  3981 | D:6      | Reached XP level 8. HP: 39/39 MP: 9/9
  4085 | D:6      | Reached skill level 9 in Axes
  4104 | D:6      | Found a transporter.
  4106 | D:6      | Noticed a kobold demonologist
  4138 | D:6      | XOM: god gift: scale mail {god gift}
  4190 | D:6      | Found a bloodstained altar of Trog.
  4269 | D:6      | Noticed a kobold demonologist
  4275 | D:6      | Found a transporter.
  4299 | D:6      | XOM: confuse monster(s)
  4350 | D:6      | Found a transporter.
  4375 | D:6      | Noticed Edmund
  4399 | D:6      | Noticed Grinder
  4399 | D:6      | XOM: 1-stop teleportation journey
  4402 | D:6      | XOM: fog
  4411 | D:6      | Killed Grinder
  4416 | D:6      | Reached skill level 10 in Axes
  4434 | D:6      | Killed Edmund
  4472 | D:6      | Reached XP level 9. HP: 36/43 MP: 6/10
  4512 | D:6      | Found a transporter.
  4514 | D:6      | Noticed Menkaure
  4517 | D:6      | Killed Menkaure
  4536 | D:6      | Noticed drugrobin's ghost (novice DgFi)
  4789 | D:6      | Reached skill level 11 in Axes
  4939 | D:7      | XOM: cloud trail
  5201 | D:7      | Noticed Maggie
  5205 | D:7      | XOM: summons 8 friendly demons
  5211 | D:7      | Killed Maggie
  5212 | D:7      | Reached skill level 12 in Axes
  5460 | D:7      | XOM: summons friendly iron imp
  5503 | D:8      | Found a blossoming altar of Fedhas.
  5537 | D:8      | XOM: confuse monster(s)
  5578 | D:8      | Found a sand-covered staircase.
  5588 | Ossuary  | Entered an ossuary
  5789 | Ossuary  | XOM: summons 3 friendly demons
  6090 | D:8      | XOM: 3-stop teleportation journey
  6146 | D:8      | XOM: god gift: +0 cloak of preservation
  6150 | D:8      | Reached XP level 10. HP: 47/47 MP: 11/11
  6302 | D:8      | Reached skill level 13 in Axes
  6313 | D:8      | Noticed a two-headed ogre
  6314 | D:8      | XOM: confuse monster(s)
  6322 | D:8      | Killed a two-headed ogre
  6376 | D:8      | XOM: give mutations
  6376 | D:8      | Gained mutation: You are partially covered in large bone
                  | plates. (SH +4) [Xom's grace]
  6376 | D:8      | Gained mutation: You possess an exceptional clarity of
                  | mind. [Xom's grace]
  6465 | D:8      | Found a runed translucent gate.
  6466 | D:8      | Found a runed translucent gate.
  6466 | D:8      | Found a runed translucent gate.
  6466 | D:8      | Noticed iguanaiguana's ghost (novice GrEE)
  6466 | D:8      | Noticed a nine-headed hydra
  6713 | D:8      | XOM is BORED!
  6713 | D:8      | XOM: noise
  6793 | D:9      | XOM: summons friendly iron imp
  6892 | D:9      | Found a staircase to the Lair.
  6895 | D:9      | XOM is BORED!
  6895 | D:9      | XOM: noise
  6956 | D:9      | XOM: polymorph iron imp -> quasit
  6958 | D:9      | XOM: polymorph quasit -> lemure
  6962 | D:9      | XOM: scenery: create altars
  6968 | D:8      | XOM: scenery: summon butterflies
  6995 | D:8      | Reached skill level 14 in Axes
  7004 | D:8      | Reached skill level 1 in Dodging
  7123 | D:9      | Found Kograofi's Demolitions Depot.
  7133 | D:9      | Bought a condenser vane for 400 gold pieces
  7294 | D:9      | XOM is BORED!
  7294 | D:9      | XOM: give mutations
  7294 | D:9      | Gained mutation: Your body sometimes deteriorates upon
                  | taking damage. [Xom's mischief]
  7294 | D:9      | Gained mutation: You are weak. (Str -2) [Xom's mischief]
  7294 | D:9      | Lost mutation: Your mind is acute. (Int +4, Str/Dex -1)
                  | [Xom's mischief]
  7333 | D:9      | XOM: polymorph yak -> hornet
  7340 | D:9      | Paralysed by a hornet for 1 turns
  7345 | D:9      | Reached skill level 1 in Throwing
  7345 | D:9      | Reached skill level 1 in Evocations
  7354 | D:9      | XOM: divine lightning
  7864 | D:9      | Bought a wand of flame (14) for 98 gold pieces
  7885 | D:10     | Entered Level 10 of the Dungeon
  7936 | D:10     | Reached XP level 11. HP: 46/53 MP: 10/12
  8026 | D:10     | XOM: polymorph orc -> adder
  8073 | D:10     | Found a shadowy altar of Dithmenos.
  8077 | D:10     | Found a hazy altar of Hepliaklqana.
  8081 | D:10     | Found a radiant altar of Vehumet.
  8421 | D:10     | XOM: give mutations
  8421 | D:10     | Lost mutation: You are agile. (Dex +4, Str/Int -1) [Xom's
                  | mischief]
  8421 | D:10     | Lost mutation: You possess an exceptional clarity of mind.
                  | [Xom's mischief]
  8421 | D:10     | Lost mutation: You are partially covered in large bone
                  | plates. (SH +4) [Xom's mischief]
  8803 | D:10     | Found a staircase to the Orcish Mines.
  8806 | D:10     | Noticed a two-headed ogre
  8813 | D:10     | XOM: divination: magic mapping
  8921 | D:10     | XOM: summons friendly crimson imp
  9004 | D:10     | Killed a two-headed ogre
  9172 | D:10     | Noticed a two-headed ogre
  9195 | D:10     | XOM: divination: magic mapping
  9205 | D:10     | Killed a two-headed ogre
  9488 | D:11     | XOM: god gift: 27 gold pieces
  9494 | D:11     | XOM: smoke on damage
  9502 | D:11     | XOM: cleaving
  9524 | D:11     | XOM: polymorph killer bee -> ball python
  9565 | D:11     | Noticed a seven-headed hydra
  9566 | D:11     | XOM: god gift: 13 gold pieces
  9609 | Lair:1   | Entered Level 1 of the Lair of Beasts
  9610 | Lair:1   | Noticed a death yak
  9610 | Lair:1   | Noticed a death yak
  9617 | Lair:1   | XOM: summons 2 friendly demons
  9620 | Lair:1   | Noticed a death yak
  9623 | Lair:1   | XOM: confuse monster(s)
  9625 | Lair:1   | XOM: divination: detect creatures
  9627 | Lair:1   | XOM: summons 11 friendly demons
  9630 | Lair:1   | Killed a death yak
  9639 | Lair:1   | Killed a death yak
  9644 | Lair:1   | Killed a death yak
  9645 | Lair:1   | Reached skill level 5 in Fighting
  9722 | D:9      | Identified a scroll of acquirement
  9722 | D:9      | Acquired a +1 battleaxe of flaming
  9776 | Lair:1   | XOM: god gift: trident {god gift}
  9811 | Lair:1   | XOM: scenery: create altars
  9934 | Lair:1   | XOM: enchant monster (good)
  9942 | Lair:1   | Reached XP level 12. HP: 52/60 MP: 13/13
  9989 | Lair:1   | Identified the ring of Quhucil {rF+ Int+2 Slay-5 SInv} (Xom
                  | gifted it to you on level 1 of the Lair of Beasts)
  9989 | Lair:1   | XOM: god gift: ring of Quhucil {rF+ Int+2 Slay-5 SInv}
 10122 | Lair:1   | XOM: god gift: staff of cold
 10192 | Lair:1   | XOM: divination: detect creatures
 10236 | Lair:1   | Noticed Amaemon
 10242 | Lair:1   | XOM: cleaving
 10259 | Lair:1   | Reached skill level 5 in Armour
 10268 | Lair:1   | XOM: silly message
 10276 | Lair:1   | XOM: silly message
 10281 | Lair:1   | XOM: silly message
 10291 | Lair:1   | Killed Amaemon
 10292 | Lair:1   | Reached skill level 5 in Throwing
 10292 | Lair:1   | Reached skill level 5 in Evocations
 10354 | Lair:1   | XOM: silly message
 10403 | Lair:1   | Noticed a seven-headed hydra
 10410 | Lair:1   | Killed a six-headed hydra
 10451 | Lair:1   | XOM: silly message
 10477 | Lair:1   | XOM: divination: detect items
 10669 | Lair:1   | XOM: divination: detect items
 10673 | Lair:1   | XOM: smoke on damage
 10909 | Lair:2   | Found a blossoming altar of Fedhas.
 10937 | Lair:2   | Noticed Harold
 10937 | Lair:2   | XOM: 7-stop teleportation journey
 10986 | Lair:2   | XOM: blink monster(s)
 10997 | Lair:2   | XOM: fog
 11016 | Lair:2   | XOM: smoke on damage
 11079 | Lair:2   | Found a hole to the Spider Nest.
 11080 | Lair:2   | XOM: draining
 11123 | Lair:2   | XOM: repel stairs
 11143 | Lair:2   | XOM: confuse monster(s)
 11193 | Lair:2   | XOM: divination: detect creatures
 11333 | Lair:2   | XOM: give mutations
 11333 | Lair:2   | Gained mutation: Your mind is acute. (Int +4, Str/Dex -1)
                  | [Xom's grace]
 11333 | Lair:2   | Gained mutation: You possess an exceptional clarity of
                  | mind. [Xom's grace]
 11363 | Lair:2   | XOM: noise
 11367 | Lair:2   | XOM: repel stairs
 11413 | Lair:2   | Noticed an eight-headed hydra
 11420 | Lair:2   | Killed a five-headed hydra
 11569 | Lair:2   | XOM: summons 6 hostile demons
 11705 | Lair:3   | XOM: give mutations
 11705 | Lair:3   | Lost mutation: You are weak. (Str -2) [Xom's mischief]
 11705 | Lair:3   | Gained mutation: You are frail. (-10% HP) [Xom's mischief]
 11717 | Lair:3   | Reached XP level 13. HP: 59/59 MP: 14/14
 11719 | Lair:3   | XOM: blink monster(s)
 11734 | Lair:3   | Reached skill level 15 in Axes
 11860 | Lair:3   | XOM: silly message
 12039 | Lair:3   | XOM: noise
 12447 | Lair:4   | XOM: swap monsters
 12463 | Lair:4   | XOM: polymorph blink frog -> something unseen
 12481 | Lair:4   | XOM: silly message
 12482 | Lair:4   | XOM: torment (32/61 hp)
 12567 | Lair:4   | Noticed a storm dragon
 12567 | Lair:4   | a boulder beetle changed into a storm dragon
 12567 | Lair:4   | XOM: polymorph boulder beetle -> storm dragon
 12580 | Lair:4   | XOM: enchant monster (bad)
 12605 | Lair:4   | Killed a storm dragon
 12722 | Lair:4   | You fall into a shaft and drop 1 floor!
 12722 | Lair:5   | XOM: stealth player
 12722 | Lair:5   | Entered Level 5 of the Lair of Beasts
 12820 | Lair:5   | Identified the +5 ring mail of Beogh, Smoking {Fly rCorr
                  | Dex+2 Stlth+}
 12866 | Lair:5   | XOM: swap monsters
 13085 | Lair:5   | XOM: 7-stop teleportation journey
 13160 | Lair:5   | XOM: 1-stop teleportation journey
 13162 | Lair:5   | XOM: polymorph black bear -> fire bat
 13165 | Lair:5   | Found a viscous altar of Jiyva.
 13165 | Lair:5   | Found a staircase to the Slime Pits.
 13168 | Lair:5   | HP: 2/62 [cane toad (8)]
 13172 | Lair:5   | Mangled by a cane toad

Illustrated notes

Levels and vault maps discovered:
D:1:      dpeg_arrival_rhombus, layout_loops_ring
D:2:      layout_basic, dreamdust_ecumenical_altar_sealed_demon
D:3:      layout_loops_ring, nicolae_overflow_ecumenical_swirl, uniq_sigmund
D:4:      layout_loops_ring, minmay_temple_entry_gardened_gates
D:5:      layout_rooms
D:6:      gammafunk_wand_slinger, layout_basic, mainiacjoe_overflow_catwalk,
          gammafunk_ghost_stat_death, chequers_serial_rivers_micro_d,
          uniq_grinder, uniq_edmund, uniq_menkaure
D:7:      layout_basic, uniq_maggie
D:8:      minmay_skewed_foursquare, layout_loops_ring, amcnicky_altar_gilded,
          enter_ossuary_3, gammafunk_ghost_hydra_chop, nrook_mini_backslash,
          chequers_serial_rivers_large_a
D:9:      layout_cave_pods, dpeg_oklobed_lair, small_chamber_with_monster,
          nicolae_blasting_shop
D:10:     minmay_goldmine, layout_basic, grunt_temple_overflow_diamond,
          david_orc_2
D:11:     layout_long_grid
Lair:1:   layout_regular_city, grunt_megastairs_5, uniq_amaemon
Lair:2:   layout_regular_city, palyth_hydra_swamp_entry, spider_nest_entry_a,
          basic_altar, uniq_harold
Lair:3:   layout_long_grid, st_stairs_12, lemuel_fruit_fields
Lair:4:   layout_regular_city, chequers_serial_rivers_micro_a
Lair:5:   minmay_lair_end_enchanted_forest, layout_regular_city,
          dpeg_slime_entry_enclosed, nicolae_quartered_pool_little,
          hangedman_lair_unloving_vines, hellmonk_guarded_unrand_vines,
          infiniplex_staircase_pool

Skill      XL: |  1  2  3  4  5  6  7  8  9 10 11 12 13 |
---------------+----------------------------------------+-----
Axes           | 3 4 5 6 7 8 10 12 14 15 | 15.5
Dodging        | 2 3 |  3.0
Fighting       | 3 5 6 8 |  8.4
Throwing       | 2 4 6 |  6.0
Armour         | 2 4 6 |  6.0
Evocations     | 2 4 6 7 |  7.8

Action                   |  1- 3 |  4- 6 |  7- 9 | 10-12 | 13-15 || total
-------------------------+-------+-------+-------+-------+-------++-------
Melee: Hand axe          |    83 |    67 |   278 |    10 |       ||   438
       Bite              |     9 |    18 |    99 |   193 |    68 ||   387
       Punch             |     2 |     2 |     4 |     9 |       ||    17
       Whip              |       |       |    50 |   499 |   193 ||   742
       War axe           |       |       |       |    49 |    56 ||   105
       Battleaxe         |       |       |       |    12 |    21 ||    33
 Fire: Sling             |       |       |       |       |     2 ||     2
Throw: Dart              |       |       |     5 |    27 |     5 ||    37
Evoke: Wand              |       |       |     3 |    16 |     5 ||    24
       Piece from Xom's  |       |       |       |     1 |       ||     1
       Condenser vane    |       |       |       |     1 |     1 ||     2
  Use: Scroll            |       |       |       |    25 |     1 ||    26
       Potion            |       |       |       |       |     1 ||     1
 Stab: Paralysed         |     1 |       |       |     7 |       ||     8
       Sleeping          |     1 |     1 |       |       |       ||     2
       Confused          |       |     1 |     4 |     2 |       ||     7
       Invisible         |       |       |     4 |     1 |     2 ||     7
       Distracted        |       |       |     2 |       |       ||     2
Armor: Leather armour    |    26 |    29 |    50 |       |       ||   105
       Swamp dragon scal |       |       |    30 |   155 |   115 ||   300
Dodge: Dodged            |    41 |    34 |   106 |   221 |   129 ||   531
Block: Other             |       |       |       |    21 |       ||    21

Table legend: (Time is in decaauts)
 A = Elapsed time spent in this place.
 B = Non-inter-level travel time spent in this place.
 C = Inter-level travel time spent in this place.
 D = Time resting spent in this place.
 E = Time spent auto-exploring this place.
 F = Levels seen in this place.
 G = Mean time per level.
                   A        B        C        D        E       F      G
               +--------+--------+--------+--------+--------+-----+--------+
         Total |  12788 |  12233 |    555 |   1194 |   8076 |  17 |  752.2 |
       Dungeon |   9190 |   8729 |    461 |    873 |   6008 |  11 |  835.5 |
          Lair |   3303 |   3209 |     94 |    321 |   1876 |   5 |  660.6 |
       Ossuary |    294 |    294 |      0 |      0 |    191 |   1 |  294.0 |
               +--------+--------+--------+--------+--------+-----+--------+

Top non-repeatable levels by time:
    D:10: 1540 daAuts
     D:1: 1300 daAuts
     D:9: 1111 daAuts
  Lair:1: 1083 daAuts
     D:8: 978 daAuts
     D:6: 875 daAuts
     D:3: 806 daAuts
  Lair:2: 787 daAuts
     D:2: 744 daAuts
     D:4: 704 daAuts
     D:7: 669 daAuts
  Lair:3: 662 daAuts
  Lair:5: 390 daAuts
  Lair:4: 380 daAuts
     D:5: 369 daAuts
